 Dungeon Crawl Stone Soup version 0.20.1-1-g8b1a95d (webtiles) character file.

1189 vatarom the Quickloader (level 8, -5/64 HPs)
             Began as a Demonspawn Hunter on Oct 5, 2017.
             Was a Believer of Ru.
             Slain by a two-headed ogre
             ... wielding a +0 giant club
              (19 damage)
             ... on level 8 of the Dungeon.
             The game lasted 00:16:45 (6807 turns).

vatarom the Quickloader (Demonspawn Hunter)         Turns: 6807, Time: 00:16:46

Health: -5/64      AC:  5    Str: 16    XL:     8   Next: 19%
Magic:  8/8        EV: 18    Int: 12    God:    Ru [**....]
Gold:   302        SH:  0    Dex: 23    Spells: 5/7 levels left

rFire    . . .     SeeInvis .   a - +3 hand crossbow
rCold    . . .     Gourm    .   (no shield)
rNeg     . . .     Faith    .   c - +1 leather armour
rPois    .         Spirit   .   (no helmet)
rElec    .         Reflect  .   (no cloak)
rCorr    .         Harm     .   (gloves unavailable)
MR       .....     Rnd*Rage +   r - +0 pair of boots
Stlth    +++.......             (no amulet)
Regen    0.6/turn               h - +5 ring of dexterity
MPRegen  0.2/turn               (no ring)

@: agile
A: claws 3, hooves 1, berserk 1, demonic guardian 1, regeneration 1, rot
immunity, inexperienced 1
a: Renounce Religion


You were on level 8 of the Dungeon.
You worshipped Ru.
Ru was pleased with you.
You were hungry.

You visited 2 branches of the dungeon, and saw 9 of its levels.

You collected 302 gold pieces.

Inventory:

Hand Weapons
 a - a +3 hand crossbow (weapon)
 b - a +0 short sword
 e - a +0 blowgun
Missiles
 d - 29 bolts (quivered)
 l - 17 poisoned needles
 q - a throwing net
Armour
 c - a +1 leather armour (worn)
 r - a +0 pair of boots (worn)
Jewellery
 h - a +5 ring of dexterity (left claw)
Wands
 n - a wand of iceblast (15/15)
 s - a wand of clouds (4/9)
 x - a wand of acid (5/15)
Scrolls
 g - 2 scrolls of magic mapping
 t - 3 scrolls of identify
 u - 2 scrolls of immolation
 v - 4 scrolls of remove curse
 w - a scroll of enchant armour
Potions
 j - 4 potions of haste
 z - a potion of flight
 A - a potion of heal wounds
Books
 o - a book of Changes

   Spells                             Type                      Level
   a - Beastly Appendage              Transmutation                1
   b - Sticks to Snakes               Transmutation                2
   c - Spider Form                    Transmutation/Poison         3
   d - Ice Form                       Ice/Transmutation            4
   e - Blade Hands                    Transmutation                5
Comestibles
 f - 7 bread rations
 i - 2 royal jellies
 k - 4 meat rations
 p - 4 fruits


   Skills:
 + Level 6.3 Fighting
 * Level 8.4 Crossbows
 + Level 5.3 Armour
 - Level 2.0 Dodging
 - Level 0.8 Stealth


You had 5 spell levels left.
You knew the following spells:

 Your Spells              Type           Power        Failure   Level  Hunger
a - Sticks to Snakes      Tmut           #.......     52%         2    ###....


Dungeon Overview and Level Annotations

Branches:
Dungeon (8/15)             Temple (1/1) D:5
   Lair: D:8-11

Altars:
Ashenzari
Cheibriados
Dithmenos
Elyvilon
Fedhas
Gozag
Hepliaklqana
Kikubaaqudgha
Makhleb
Nemelex Xobeh
Okawaru
Qazlal
Ru
Sif Muna
Trog
Uskayaw
Vehumet
Xom
Yredelemnul
Zin
The Shining One


Innate Abilities, Weirdness & Mutations

You have claws for hands.
A weak demonic guardian rushes to your aid.
You are immune to rotting.
You are somewhat inexperienced. (-2 XL)
You have large cloven feet.
You tend to lose your temper in combat.
Your natural rate of healing is unusually fast.


Message History

The two-headed ogre closely misses you.
Your white imp gestures at the two-headed ogre.
The puff of frost hits the two-headed ogre.
Firing (i - inventory. (,) - cycle):
d - 31 bolts (quivered)
Press: ? - help, Shift-Dir - straight line, f/p - two-headed ogre
Aim: a two-headed ogre, wielding two giant clubs (heavily wounded)
You shoot a bolt. The bolt hits the two-headed ogre!
The two-headed ogre is severely wounded.
Your white imp gestures at the two-headed ogre.
The puff of frost hits the two-headed ogre.
Unknown command.
Firing (i - inventory. (,) - cycle):
d - 30 bolts (quivered)
Press: ? - help, Shift-Dir - straight line, f/p - two-headed ogre
Aim: a two-headed ogre, wielding two giant clubs (severely wounded)
You shoot a bolt. The bolt hits the two-headed ogre!
The two-headed ogre is almost dead.
The two-headed ogre hits you with a giant club!!
* * * LOW HITPOINT WARNING * * *
The two-headed ogre hits you with a giant club!!
You die...

.........#.<.......###.....##.#..
##..###............##...........#
##..#..#..........##........#..#
##...###...................##..
#..## #.........##............
#..## #...<.....####...#..###.
#...###..................## #.
#...#..##.......5.........## #)
#..####.........@O.........# #.
#.# ###.#......[.........# #. ..
#..................# #. .
#####..............# ##
#..............#
................((#
...............#......
O.........#..####.#.## ≈....##..
.#.$#


You could see a two-headed ogre, an ogre (sleeping) and a friendly white imp.

Vanquished Creatures
  Sigmund (D:3)
  A spriggan (D:8)
  An orc warrior (D:7)
  3 phantoms
  An ice beast (D:6)
  3 centaurs
  A crocodile (D:7)
  A bullfrog (D:7)
  A wyvern skeleton (D:6)
  2 scorpions
  2 crimson imps (D:5)
  A bullfrog zombie (D:6)
  A centaur zombie (D:7)
  A quasit (D:6)
  4 hounds
  A jelly (D:7)
  Jessica (D:2)
  2 worker ants
  3 iguanas (D:4)
  A hound zombie (D:6)
  A hound skeleton (D:5)
  A worker ant zombie (D:3)
  Robin (D:3)
  4 gnolls (D:5)
  8 adders
  A shadow imp (D:5)
  An adder zombie (D:5)
  A dart slug (D:5)
  3 leopard geckos
  4 orcs
  4 giant cockroaches
  18 goblins
  12 hobgoblins
  7 jackals
  A quokka (D:2)
  A ball python (D:5)
  5 bats
  A frilled lizard (D:2)
  10 kobolds
  A leopard gecko skeleton (D:7)
  5 rats
122 creatures vanquished.

Vanquished Creatures (collateral kills)
  A phantom (D:6)
  2 orcs (D:7)
3 creatures vanquished.

Grand Total: 125 creatures vanquished

Notes
Turn   | Place    | Note
-------+----------+-------------------------------------------
     0 | D:1      | vatarom the Demonspawn Hunter began the quest for the Orb.
     0 | D:1      | Reached XP level 1. HP: 16/16 MP: 1/1
   254 | D:1      | Gained mutation: You are immune to rotting. [demonic ancestry]
   254 | D:1      | Reached XP level 2. HP: 22/22 MP: 2/2
   713 | D:2      | Reached skill level 4 in Crossbows
   774 | D:2      | Found a blossoming altar of Fedhas.
   783 | D:2      | Gained mutation: You have sharp fingernails. [demonic ancestry]
   783 | D:2      | Reached XP level 3. HP: 28/28 MP: 3/3
   786 | D:2      | Reached skill level 1 in Armour
   789 | D:2      | Noticed Jessica
   796 | D:2      | Killed Jessica
  1075 | D:2      | Gained mutation: You have very sharp fingernails. [demonic ancestry]
  1075 | D:2      | Reached XP level 4. HP: 30/34 MP: 4/4
  1446 | D:3      | Noticed Robin
  1465 | D:3      | Killed Robin
  1917 | D:3      | Gained mutation: You have claws for hands. [demonic ancestry]
  1917 | D:3      | Reached XP level 5. HP: 36/40 MP: 5/5
  2112 | D:3      | Learned a level 2 spell: Sticks to Snakes
  2349 | D:3      | Noticed Sigmund
  2364 | D:3      | Killed Sigmund
  2364 | D:3      | Reached skill level 5 in Crossbows
  2364 | D:3      | Gained mutation: A weak demonic guardian rushes to your aid. [demonic ancestry]
  2364 | D:3      | Reached XP level 6. HP: 19/47 MP: 6/6
  3037 | D:4      | Found a basalt altar of Yredelemnul.
  3360 | D:4      | Reached XP level 7. HP: 54/54 MP: 7/7
  3506 | D:5      | Entered Level 5 of the Dungeon
  3534 | D:5      | Reached skill level 6 in Crossbows
  3579 | D:5      | Found a staircase to the Ecumenical Temple.
  3604 | Temple   | Entered the Ecumenical Temple
  3822 | Temple   | Became a worshipper of Ru the Awakened
  4032 | D:5      | Found an opulent altar of Gozag.
  4244 | D:5      | Reached skill level 5 in Fighting
  4688 | D:6      | Reached XP level 8. HP: 62/62 MP: 8/8
  4744 | D:6      | Found a shimmering altar of Xom.
  4750 | D:6      | Reached skill level 7 in Crossbows
  4962 | D:6      | Found a snail-covered altar of Cheibriados.
  4962 | D:6      | Found a hazy altar of Hepliaklqana.
  4967 | D:6      | Found a faded altar of an unknown god.
  4969 | D:6      | Found a hide-covered altar of Uskayaw.
  4970 | D:6      | Found a faded altar of an unknown god.
  5007 | D:6      | Gained mutation: You are somewhat inexperienced. (-2 XL) [Ru sacrifice]
  5007 | D:6      | Reached XP level 7. HP: 56/56 MP: 7/7
  5007 | D:6      | Reached XP level 6. HP: 51/51 MP: 6/6
  5007 | D:6      | Reached * piety under Ru
  5007 | D:6      | Reached ** piety under Ru
  5880 | D:7      | Reached XP level 7. HP: 56/56 MP: 7/7
  6032 | D:7      | Found a basalt altar of Yredelemnul.
  6167 | D:7      | Reached skill level 8 in Crossbows
  6167 | D:7      | Reached skill level 5 in Armour
  6272 | D:7      | Gained mutation: You are occasionally teleported next to monsters. [potion of mutation]
  6272 | D:7      | Gained mutation: You can translocate small distances at will. [potion of mutation]
  6272 | D:7      | Gained mutation: You possess an exceptional clarity of mind. [potion of mutation]
  6273 | D:7      | Lost mutation: You possess an exceptional clarity of mind. [potion of mutation]
  6273 | D:7      | Lost mutation: You can translocate small distances at will. [potion of mutation]
  6273 | D:7      | Lost mutation: You are occasionally teleported next to monsters. [potion of mutation]
  6273 | D:7      | Gained mutation: You are agile. (Dex +2) [potion of mutation]
  6273 | D:7      | Gained mutation: Your spells are a little easier to cast, but a little less powerful. [potion of mutation]
  6273 | D:7      | Gained mutation: Your mind is acute. (Int +2) [potion of mutation]
  6274 | D:7      | Lost mutation: Your mind is acute. (Int +2) [potion of mutation]
  6274 | D:7      | Lost mutation: Your spells are a little easier to cast, but a little less powerful. [potion of mutation]
  6274 | D:7      | Lost mutation: You are agile. (Dex +2) [potion of mutation]
  6274 | D:7      | Gained mutation: You are frail. (-10% HP) [potion of mutation]
  6274 | D:7      | Gained mutation: You have large cloven feet. [potion of mutation]
  6274 | D:7      | Gained mutation: You expend magic power (3 MP) to strengthen your wands. [potion of mutation]
  6274 | D:7      | Gained mutation: You are agile. (Dex +2) [potion of mutation]
  6449 | D:7      | Reached XP level 8. HP: 37/57 MP: 8/8
  6788 | D:8      | Noticed a two-headed ogre
  6790 | D:8      | Lost mutation: You expend magic power (3 MP) to strengthen your wands. [potion of mutation]
  6790 | D:8      | Lost mutation: You are agile. (Dex +2) [potion of mutation]
  6790 | D:8      | Lost mutation: You are frail. (-10% HP) [potion of mutation]
  6790 | D:8      | Gained mutation: You tend to lose your temper in combat. [potion of mutation]
  6790 | D:8      | Gained mutation: Your natural rate of healing is unusually fast. [potion of mutation]
  6807 | D:8      | Slain by a two-headed ogre

Skill      XL: |  1  2  3  4  5  6  7  8 |
---------------+-------------------------+-----
Dodging        | 2 |  2.0
Crossbows      | 4 5 8 7 |  8.4
Armour         | 1 2 3 5 |  5.3
Fighting       | 3 4 6 |  6.3
Stealth        | |  0.8

Action                   |  1- 3 |  4- 6 |  7- 9 || total
-------------------------+-------+-------+-------++-------
Melee: Unarmed           |       |    12 |       ||    12
 Fire: Hand crossbow     |    69 |   155 |   181 ||   405
Invok: Sacrifice Experie |       |     1 |       ||     1
  Use: Scroll            |     6 |       |     7 ||    13
       Potion            |       |     3 |     7 ||    10
  Eat: Chunk             |       |     3 |     1 ||     4
       Bread ration      |       |     2 |     1 ||     3
Armor: Leather armour    |     3 |     7 |    12 ||    22
       Storm dragon scal |    10 |    19 |       ||    29
Dodge: Dodged            |    11 |    39 |    36 ||    86
